 Dungeon Crawl Stone Soup version 0.24.0-123-gd5b16e6ec5 (webtiles) character file.

Game seed: 5375938850819020210, levelgen mode: deterministic

1179 FluffierThanThou the Ruffian (level 8, 0/79 HPs)
             Began as a Troll Fighter on Jan 17, 2020.
             Slain by an orc wizard
             ... wielding a +0 dagger
              (2 damage)
             ... on level 5 of the Dungeon.
             The game lasted 00:06:17 (3373 turns).

FluffierThanThou the Ruffian (Troll Fighter)        Turns: 3373, Time: 00:06:18

Health: 0/79       AC:  6    Str: 32    XL:     8   Next: 18%
Magic:  7/7        EV: 10    Int:  4    God:
Gold:   356        SH: 10    Dex:  9    Spells: 7/7 levels left

rFire    . . .     SeeInvis .     - Unarmed
rCold    . . .     Gourm    +   b - +0 shield
rNeg     . . .     Faith    .   a - +0 robe
rPois    .         Spirit   .   (helmet restricted)
rElec    .         Reflect  .   r - scarf {cloud immunity}
rCorr    .         Harm     .   (gloves unavailable)
MR       .....                  (boots unavailable)
Stlth    +.........             (no amulet)
HPRegen  0.63/turn              (no ring)
MPRegen  0.10/turn              (no ring)

@: mighty, slowed, very slow
A: large, unfitting armour, claws 3, fast metabolism 3, gourmand, regeneration
1, shaggy fur 1, tough skin 3
a: no special abilities


You were on level 5 of the Dungeon.
You were completely stuffed.

You visited 1 branch of the dungeon, and saw 5 of its levels.

You collected 356 gold pieces.

Inventory:

Armour
 a - a +0 robe (worn)
 b - a +0 shield (worn)
 r - a scarf of cloud immunity (worn)
   (You found it on level 3 of the Dungeon)
Jewellery
 h - a +3 ring of strength {unknown}
   (You found it on level 1 of the Dungeon)
 m - a +5 ring of evasion {unknown}
   (You found it on level 2 of the Dungeon)
 u - a +3 ring of protection {unknown}
   (You found it on level 4 of the Dungeon)
Wands
 s - a wand of enslavement (5)
   (You found it on level 3 of the Dungeon)
Scrolls
 f - a scroll of blinking {unknown}
 g - 7 scrolls of identify {unknown}
 j - 2 scrolls of amnesia {unknown}
 k - 2 scrolls of remove curse {unknown}
 l - a scroll of fear {unknown}
 p - 2 scrolls of enchant weapon {unknown}
 q - a scroll of enchant armour {unknown}
Potions
 d - a potion of flight {unknown}
 i - a potion of haste {unknown}
 n - 2 potions of heal wounds {unknown}
 t - a potion of invisibility {unknown}
 v - a potion of mutation {unknown}
 w - a potion of ambrosia {unknown}
 x - a potion of brilliance {unknown}
Comestibles
 e - 15 rations {!d}


   Skills:
 * Level 4.7 Fighting
 * Level 4.7 Dodging
 * Level 4.7 Shields
 * Level 5.2 Unarmed Combat


You had 7 spell levels left.
You didn't know any spells.
Your spell library was empty.

Dungeon Overview and Level Annotations

Branches:
Dungeon (5/15)
 Temple: D:4-7

Altars:

Shops:
D:5 [

Annotations:
D:5 1 runed translucent door, war10ck's ghost, amateur HOFi


Innate Abilities, Weirdness & Mutations

You are too large for most types of armour.
You have claws for hands.
Your metabolism is lightning-fast.
You like to eat raw meat.
Your natural rate of healing is unusually fast.
You are covered in fur. (AC +1)
You have extremely tough skin. (AC +3)


Message History

* * * LOW HITPOINT WARNING * * *
You are too injured to fight recklessly!
You are too injured to fight recklessly!
You are too injured to fight recklessly!
You are too injured to fight recklessly!
You are too injured to fight recklessly!
You feel very mighty all of a sudden.
The orc wizard points at you and mumbles some strange words.
The magic dart hits you.
* * * LOW HITPOINT WARNING * * *
Something hits you.
* * * LOW HITPOINT WARNING * * *
The orc wizard casts a spell at you. The magic dart hits you.
* * * LOW HITPOINT WARNING * * *
The orc wizard gestures at you while chanting.
You resist with some effort. Something hits you but does no damage.
The orc wizard gestures wildly while chanting.
The orc wizard blinks!
You barely miss the orc wizard. Something hits you.
* * * LOW HITPOINT WARNING * * *
The orc wizard gestures wildly while chanting.
The orc wizard seems to speed up.
Something hits you.
* * * LOW HITPOINT WARNING * * *
You block the orc wizard's attack.
You mangle the orc wizard!!
You kill the orc wizard!
Something hits you but does no damage. Something hits you.
* * * LOW HITPOINT WARNING * * *
The orc wizard casts a spell.
The orc wizard blinks!
You block something's attack.
You closely miss something. Something hits you.
* * * LOW HITPOINT WARNING * * *
You hear some strange, mumbled words.
A magic dart appears from out of thin air!
The magic dart hits you but does no damage.
You miss something.
You hear some strange, mumbled words.
A puff of frost appears from out of thin air!
The puff of frost hits you!
* * * LOW HITPOINT WARNING * * *
Something hits you.
* * * LOW HITPOINT WARNING * * *
You miss something. You block the orc wizard's attack. Something hits you.
* * * LOW HITPOINT WARNING * * *
You block the orc wizard's attack. Something completely misses you.
The orc wizard hits you with a +0 dagger.
* * * LOW HITPOINT WARNING * * *
You closely miss something. Something hits you.
You die...

####.....### #.....# #.....##
#.###.# #. #......## #.# #.#
.## ##..###......# #.# ..
#...#.#...#### #.# #.#.#
#.###.###.# #.# #.#.##
#.#..:..#.# ##.# #.#..##
#{###.#+# # ##.(#
.##.....####)@.#.#...####...##
.........).'..o###...+.......#
####...####.........####.....
#..## ##.......# #...## #.##
##.....## #.#.## #.# #..(##
#.#... #.# #+## #.###. #(# #.#
#.###. #.##########.#####
#.....


You could see an orc wizard.

Vanquished Creatures
  Menkaure (D:4)
  3 ogres
  A centaur (D:5)
  Blork the orc (D:4)
  2 scorpions (D:5)
  A howler monkey (D:4)
  2 hounds (D:4)
  Crazy Yiuf (D:3)
  3 orc wizards (D:5)
  A bullfrog skeleton (D:5)
  2 orc priests
  3 worker ants
  A hound zombie (D:5)
  Robin (D:4)
  7 adders
  An ooze (D:2)
  A worm (D:2)
  A dart slug (D:2)
  2 leopard geckos
  5 orcs
  8 giant cockroaches
  18 goblins
  11 hobgoblins
  9 jackals
  A quokka (D:5)
  A ball python (D:3)
  5 bats
  8 frilled lizards
  10 kobolds
  A leopard gecko skeleton (D:4)
  10 rats
  A plant (D:2)
123 creatures vanquished.

Notes
Turn   | Place    | Note
-------+----------+-------------------------------------------
     0 | D:1      | FluffierThanThou the Troll Fighter began the quest for the
                  | Orb.
     0 | D:1      | Reached XP level 1. HP: 22/22 MP: 0/0
   147 | D:1      | Reached XP level 2. HP: 29/29 MP: 1/1
   752 | D:2      | Reached XP level 3. HP: 33/36 MP: 2/2
   924 | D:2      | Reached XP level 4. HP: 44/44 MP: 3/3
  1630 | D:3      | Reached skill level 3 in Unarmed Combat
  1998 | D:3      | Reached XP level 5. HP: 53/53 MP: 4/4
  2070 | D:3      | Found a runed translucent door.
  2071 | D:3      | Noticed Crazy Yiuf
  2215 | D:3      | Killed Crazy Yiuf
  2363 | D:4      | Noticed an ogre
  2367 | D:4      | Killed an ogre
  2367 | D:4      | Reached XP level 6. HP: 41/61 MP: 5/5
  2441 | D:4      | Noticed Robin
  2468 | D:4      | Killed Robin
  2504 | D:4      | Noticed Blork the orc
  2511 | D:4      | Killed Blork the orc
  2511 | D:4      | Reached skill level 4 in Unarmed Combat
  2548 | D:4      | Reached XP level 7. HP: 23/68 MP: 6/6
  2747 | D:4      | Noticed Menkaure
  2759 | D:4      | Killed Menkaure
  2900 | D:5      | Entered Level 5 of the Dungeon
  2942 | D:5      | Found Reisov Hyame's Antique Armour Emporium.
  3034 | D:5      | Found a runed translucent door.
  3035 | D:5      | Noticed war10ck's ghost (amateur HOFi)
  3214 | D:5      | Reached XP level 8. HP: 54/79 MP: 7/7
  3241 | D:5      | Reached skill level 5 in Unarmed Combat
  3372 | D:5      | HP: 2/79 [something (3)]
  3373 | D:5      | Slain by an orc wizard

Levels and vault maps discovered:
D:1:      evilmike_arrival_hilbert_curve, layout_basic, serial_corexii_hall,
          chequers_hall_statues_corner_a, corexii_hall_statues_i
D:2:      layout_basic, serial_bayou, serial_bayou_pond_a, serial_bayou_pond_b,
          serial_bayou_lagoon_a, serial_bayou_pond_d
D:3:      layout_rooms, first_ration, uniq_crazy_yiuf_cottage
D:4:      layout_loops_ring, uniq_blork_the_orc, uniq_menkaure, uniq_robin
D:5:      layout_loops_corners, ebering_ghost_sewer_d, serial_shops, shop,
          minmay_a_box_with_orc_wizards_in_it

Skill      XL: |  1  2  3  4  5  6  7  8 |
---------------+-------------------------+-----
Fighting       | 3 4 |  4.7
Shields        | 3 4 |  4.7
Dodging        | 3 4 |  4.7
Unarmed Combat | 3 4 5 |  5.2

Action                   |  1- 3 |  4- 6 |  7- 9 || total
-------------------------+-------+-------+-------++-------
Melee: Unarmed           |   112 |   182 |    91 ||   385
  Use: Potion            |       |       |     2 ||     2
 Stab: Sleeping          |       |     1 |       ||     1
  Eat: Chunk             |    14 |    15 |     8 ||    37
Armor: Robe              |    41 |    59 |    16 ||   116
Dodge: Dodged            |    30 |    36 |    29 ||    95
Block: Shield            |    52 |    70 |    36 ||   158
